 Dungeon Crawl Stone Soup version 0.30.1-4-g462c640d31 (webtiles) character file.

Game seed: 677412878504840285

498 Peloso the Covered (level 6, -8/56 HPs)
             Began as a Minotaur Fighter on Aug 14, 2023.
             Was an Initiate of Okawaru.
             Mangled by an ogre
             ... wielding a +0 giant club
              (26 damage)
             ... on level 4 of the Dungeon.
             The game lasted 00:08:29 (4684 turns).

Peloso the Covered (Minotaur Fighter)               Turns: 4684, Time: 00:08:29

Health: -8/56      AC: 13    Str: 21    XL:     6   Next: 94%
Magic:  3/5        EV: 10    Int:  5    God:    Okawaru [......]
Gold:   199        SH:  6    Dex: 11    Spells: 5/5 levels left

rFire   . . .        a - +0 long sword
rCold   . . .        d - +0 buckler
rNeg    . . .        c - +0 chain mail
rPois   .            (helmet restricted)
rElec   .            (no cloak)
rCorr   .            k - +0 pair of gloves
SInv    .            (no boots)
Will    .....        (no amulet) Stlth
                     s - ring of flight
HPRegen 0.29/turn    (no ring)
MPRegen 0.09/turn

%: no passive effects
@: heroic, flying
A: horns 2, retaliatory headbutt
a: Renounce Religion


You were on level 4 of the Dungeon.
You worshipped Okawaru.
Okawaru was noncommittal.
You visited 1 branch of the dungeon, and saw 5 of its levels.

You collected 199 gold pieces.

Inventory:

Hand Weapons
 a - a +0 long sword (weapon)
Armour
 b - a +0 scale mail
 c - a +0 chain mail (worn)
 d - a +0 buckler (worn)
 k - a +0 pair of gloves (worn)
Jewellery
 s - a ring of flight (left hand)
Wands
 t - a wand of flame (22)
Scrolls
 e - 2 scrolls of identify
 g - a scroll of butterflies {unknown}
 h - a scroll of enchant weapon {unknown}
 i - 2 scrolls of teleportation
 m - a scroll of enchant armour {unknown}
 n - a scroll of amnesia
 p - a scroll of immolation
 q - a scroll of brand weapon {unknown}
Potions
 f - a potion of haste
 j - a potion of might
 o - a potion of heal wounds


   Skills:
 + Level 5.4(10.4) Fighting
 + Level 5.0(10.0) Long Blades
 + Level 5.9(10.9) Armour
 + Level 1.1(6.1) Dodging
 + Level 0.1(5.1) Stealth
 + Level 5.1(10.1) Shields


You had 5 spell levels left.
You didn't know any spells.
Your spell library was empty.

Dungeon Overview and Level Annotations

Branches:
Dungeon (5/15)             Temple (0/1) D:4

Altars:
Elyvilon
Kikubaaqudgha
Makhleb
Okawaru
Sif Muna
Yredelemnul

Shops:
D:1 *   D:2 (   D:4 *

Annotations:
D:4 3 runed translucent doors, kulik242's ghost, amateur DrTm


Innate Abilities, Weirdness & Mutations

You have a pair of horns on your head.
You reflexively headbutt those who attack you in melee.


Message History

Where to? (Enter - D:2, ? - help)
What level of the Dungeon? (default 1, ? - help)
Things that are here:
a +0 ring mail; a +0 hand axe
There is a stone staircase leading down here.
You fly downwards.
There is a stone staircase leading up, spattered with blood here.
You see here a +0 short sword.
Things that are here:
a +0 leather armour; a +0 flail
There is a stone staircase leading down here.
You fly downwards.
Level annotation: 3 runed translucent doors, kulik242's ghost, amateur DrTm
There is a stone staircase leading up here.
HP restored.
There is a stone staircase leading down here.
You fly downwards.
Found 11 gold pieces and a stone.
Found a stone staircase leading down.
There is a stone staircase leading up here.
An ogre is nearby!
An ice beast comes into view.
Found 14 gold pieces.
The ogre hits you with a +0 giant club!!
You hit the ogre.
The ogre is lightly wounded.
You barely miss the ogre.
You headbutt the ogre, but do no damage.
The ogre is lightly wounded.
The ogre barely misses you.
There is a stone staircase leading up here.
The ogre hits you with a +0 giant club!
You fly upwards.
Level annotation: 3 runed translucent doors, kulik242's ghost, amateur DrTm
There is a stone staircase leading down here.
You gain the combat prowess of a mighty hero.
You can no longer gain great but temporary skills.
You slash the ogre! You headbutt the ogre.
The ogre is severely wounded.
The ogre hits you with a +0 giant club!!
You die...

........#.........####..##
#.. .#####.###........#
##.## #..
..♣♣#####..[.....## #..#
###.. ..§§§####........#
##.####....
.⌠§§♣#.#...#####.#
#..#...##. ..§♣♣#....##
#.# #.....#### ..♣♣
#...#### #.# ###.....# .##
#......####.#####..#....#
.#
###.......O@..#..####...#
## #.#######....### ##..#
# #.# #.##.# #..# # ###
#.#### ##.# ## ### #.## #.
### ##


You could see an ogre.

Vanquished Creatures
  Sigmund (D:2)
  A scorpion (D:4)
  A hound (D:4)
  An orc priest (D:3)
  An iguana (D:4)
  2 gnolls (D:1)
  8 adders
  An ufetubus (D:4)
  A worm (D:4)
  A dart slug (D:4)
  22 orcs
  5 ball pythons
  5 endoplasms
  A giant cockroach (D:1)
  5 goblins
  3 hobgoblins
  2 quokkas (D:4)
  5 bats
  3 frilled lizards
  7 kobolds
  4 rats
80 creatures vanquished.

Notes
Turn   | Place    | Note
-------+----------+-------------------------------------------
     0 | D:1      | Peloso the Minotaur Fighter began the quest for the Orb.
     0 | D:1      | Reached XP level 1. HP: 19/19 MP: 0/0
    35 | D:1      | Reached XP level 2. HP: 21/27 MP: 1/1
   136 | D:1      | Found Fiamy's Assorted Antiques.
   207 | D:1      | Reached XP level 3. HP: 27/34 MP: 2/2
  1319 | D:2      | Found Reirphu's Weapon Shoppe.
  1459 | D:2      | Noticed Sigmund
  1578 | D:2      | Reached XP level 4. HP: 31/41 MP: 3/3
  1785 | D:3      | Reached skill level 5 in Armour
  1917 | D:3      | Reached XP level 5. HP: 47/47 MP: 4/4
  2114 | D:3      | Found a shimmering blue altar of Sif Muna.
  2115 | D:3      | Found an iron altar of Okawaru.
  2119 | D:3      | Found an ancient bone altar of Kikubaaqudgha.
  2131 | D:3      | Became a worshipper of Warmaster Okawaru
  2439 | D:4      | Noticed kulik242's ghost (amateur DrTm)
  2440 | D:4      | Found a runed translucent gate.
  2442 | D:4      | Found a runed translucent gate.
  2442 | D:4      | Found a runed translucent gate.
  2496 | D:4      | Reached skill level 5 in Fighting
  2673 | D:4      | Found a white marble altar of Elyvilon.
  2719 | D:4      | Found a staircase to the Ecumenical Temple.
  2731 | D:4      | Reached XP level 6. HP: 47/56 MP: 5/5
  3193 | D:4      | Found a basalt altar of Yredelemnul.
  3267 | D:4      | Found a burning altar of Makhleb.
  3358 | D:4      | Found Qosiat's Fire Supplies.
  3389 | D:4      | Reached skill level 5 in Shields
  4593 | D:2      | Killed Sigmund
  4593 | D:2      | Reached * piety under Okawaru
  4594 | D:2      | Reached skill level 5 in Long Blades
  4594 | D:2      | Reached skill level 1 in Dodging
  4674 | D:5      | Entered Level 5 of the Dungeon
  4676 | D:5      | Noticed an ice beast
  4684 | D:4      | Mangled by an ogre

Illustrated notes

Levels and vault maps discovered:
D:1:      lightli_molten_gateway, layout_basic, serial_shops,
          nicolae_shop_statue_plus
D:2:      layout_basic, serial_shops, nicolae_shop_window_shopping, uniq_sigmund
D:3:      layout_rooms, chequers_temple_overflow_statue_of_worship,
          minmay_pentomino_pile
D:4:      layout_layer_cave, kennysheep_ying_yang, mainiacjoe_overflow_catwalk,
          minmay_temple_entry_large_hall, gammafunk_ghost_nasty_kobolds,
          nicolae_shop_fire_sale [nicolae_sub_dead_trees]
D:5:      layout_basic

Skill      XL: |  1  2  3  4  5  6 |
---------------+-------------------+-----
Fighting       | 4 5 |  5.4
Shields        | 4 5 |  5.1
Armour         | 4 5 |  5.9
Long Blades    | 3 4 5 |  5.0
Dodging        | 1 |  1.1
Stealth        | |  0.1

Action                     |  1- 3 |  4- 6 || total
---------------------------+-------+-------++-------
  Melee: Long sword        |    51 |   129 ||   180
         Headbutt          |     4 |    25 ||    29
 Invoke: Heroism           |       |     1 ||     1
    Use: Potion            |     3 |       ||     3
         Scroll            |       |     6 ||     6
 Armour: Scale mail        |    23 |    11 ||    34
         Chain mail        |       |    78 ||    78
  Dodge: Dodged            |    41 |    72 ||   113
  Block: Buckler           |    12 |    39 ||    51
